 Dungeon Crawl Stone Soup version 0.27-a0-1502-g47ed6a6988 (webtiles) character file.

Game seed: 15615129684095561369

795 funkygono the Covered (level 7, 0/44 HPs)
             Began as a Gargoyle Fighter on July 9, 2021.
             Killed by divine providence
             ... invoked by an orc priest
              (14 damage)
             ... on level 5 of the Dungeon.
             The game lasted 00:07:53 (3775 turns).

funkygono the Covered (Gargoyle Fighter)            Turns: 3775, Time: 00:07:54

Health: 0/44       AC: 20    Str: 21    XL:     7   Next: 89%
Magic:  7/7        EV:  6    Int:  9    God:
Gold:   89         SH: 11    Dex: 14    Spells: 6/6 levels left

rFire    . . .     SeeInvis .   i - +11 demon blade "Judd" {freeze, rPois Dex+5}
rCold    + . .     Faith    .   c - +1 kite shield
rNeg     + . .     Spirit   .   h - +3 chain mail {rC+}
rPois    ∞         Reflect  .   q - +1 helmet
rElec    +         Harm     .   (no cloak)
rCorr    .         Rampage  .   (no gloves)
Will     .....                  (no boots)
Stlth    ..........             (no amulet)
HPRegen  0.14/turn              (no ring)
MPRegen  0.10/turn              (no ring)

@: no status effects
A: sickness immunity, AC +4, negative energy resistance 1, electricity
resistance, torment resistance 1, petrification resistance
a: no special abilities


You were on level 5 of the Dungeon.
You visited 1 branch of the dungeon, and saw 5 of its levels.

You collected 89 gold pieces.

Inventory:

Hand Weapons
 a - a +0 flail of protection
 i - the +11 demon blade "Judd" (weapon) {freeze, rPois Dex+5}
   (You acquired it on level 3 of the Dungeon)

   It has been specially enchanted to freeze those struck by it, causing extra
   injury to most foes and up to half again as much damage against particularly
   susceptible opponents.
   It can also slow down cold-blooded creatures.
   Dex:       It affects your dexterity (+5).
   rPois:     It protects you from poison.
Missiles
 g - 7 javelins
 j - 95 stones
 m - 16 poisoned darts
 o - 3 boomerangs (quivered)
Armour
 b - a +0 scale mail
 c - a +1 kite shield (worn)
 h - a +3 chain mail of cold resistance (worn)
 q - a +1 helmet (worn)
Jewellery
 d - a ring of fire
Wands
 s - a wand of acid (9)
Scrolls
 p - a scroll of blinking
Potions
 e - 2 potions of heal wounds
 f - 4 potions of curing
 k - 3 potions of magic
 n - a potion of mutation
 t - a potion of brilliance {unknown}


   Skills:
 + Level 4.3 Fighting
 + Level 3.7 Long Blades
 + Level 3.1 Maces & Flails
 + Level 2.7 Throwing
 + Level 5.4 Armour
 + Level 1.0 Dodging
 + Level 4.8 Shields


You had 6 spell levels left.
You didn't know any spells.
Your spell library contained the following spells:

 Spells                   Type           Power      Damage    Failure   Level
 Gell's Gravitas          Tloc           0%         N/A       100%        3
 Ignite Poison            Fire/Tmut/Pois 0%         N/A       100%        3
 Mephitic Cloud           Conj/Pois/Air  0%         N/A       100%        3
 Teleport Other           Tloc           0%         N/A       100%        3
 Bolt of Magma            Conj/Fire/Erth 0%         4d4       100%        5
 Dispersal                Tloc           0%         N/A       100%        6


Dungeon Overview and Level Annotations

Branches:
Dungeon (5/15)
 Temple: D:4-7

Altars:
Dithmenos
Nemelex Xobeh
Uskayaw
Xom
Zin


Innate Abilities, Weirdness & Mutations

You are immune to sickness and miasma.
Your stone body is resilient. (AC +4)
You are immune to poison.
You resist negative energy. (rN+)
You are resistant to electric shocks. (rElec)
You are resistant to unholy torment.
You are immune to petrification.


Message History

The centaur kicks you but does no damage.
You block the centaur's attack. x2; The orc hits you with a +0 hand axe.
The centaur hits you but does no damage.
The centaur kicks you but does no damage.
You barely miss the centaur.
The centaur is heavily wounded.
An orc priest comes into view. It is wielding a +0 club.
You block the centaur's attack.
The centaur kicks you but does no damage.
The orc hits you with a +0 hand axe. The orc hits you but does no damage.
The centaur hits you but does no damage.
You block the centaur's attack.
You completely miss the centaur.
The centaur is heavily wounded.
The centaur completely misses you.
You riposte.
You slash the centaur! You freeze the centaur.
You kill the centaur!
A magic dart appears from out of thin air!
The magic dart hits you.
Your Dodging skill increases to level 1!
The orc hits you but does no damage.
You hit the orc. You freeze the orc.
The orc is moderately wounded.
You block the orc's attack.
You slash the orc! You freeze the orc.
You kill the orc!
Something hits you but does no damage.
You miss something. Something hits you but does no damage.
You hear some strange, mumbled words.
You are confused.
You bump into the rock wall.
You closely miss something.
Something hits you but does no damage. x2
Your shield and chain mail prevent you from hitting something.
The orc priest calls down the wrath of Beogh upon you.
Beogh smites you! Something hits you but does no damage.
You completely miss something.
You feel less confused.
The orc priest mumbles some strange prayers to Beogh against you.
Beogh smites you!
You die...

###.._. ####### ....!..
#.....# .....#.
#.#####.....# ...$...
#.....#....[##### .......
#####.#.....#...# .....#
#.............#.###o....#
................@{oo....+
..#...#.....#.#.###r....#
......#.....###.# .....#
.###..#.........# .....#
.##<..#.######### .....#
....†##.#### .....#
..........(. ######
>........... ....######†.


You could see an orc priest, 2 orcs and a quokka.

Vanquished Creatures
  The ghost of sagitran the Poker, an amateur DsCK of Xom (D:4)
  A water moccasin (D:5)
  A centaur (D:5)
  A scorpion (D:5)
  A bullfrog skeleton (D:5)
  A centaur skeleton (D:4)
  An orc priest (D:4)
  Terence (D:2)
  An iguana (D:4)
  A bullfrog simulacrum (D:4)
  A scorpion simulacrum (D:4)
  Robin (D:4)
  6 adders
  2 hound simulacra (D:4)
  A white imp (D:4)
  An adder simulacrum (D:4)
  A dart slug (D:4)
  8 orcs
  2 ball pythons
  6 bats
  5 endoplasms
  A giant cockroach (D:3)
  12 goblins
  6 hobgoblins
  7 jackals
  6 quokkas
  4 frilled lizards
  5 kobolds
  8 rats
93 creatures vanquished.

Vanquished Creatures (others)
  11 plants (D:5)
11 creatures vanquished.

Grand Total: 104 creatures vanquished

Notes
Turn   | Place    | Note
-------+----------+-------------------------------------------
     0 | D:1      | funkygono the Gargoyle Fighter began the quest for the Orb.
     0 | D:1      | Reached XP level 1. HP: 14/14 MP: 1/1
   252 | D:1      | Reached XP level 2. HP: 19/19 MP: 2/2
   707 | D:2      | Found a shadowy altar of Dithmenos.
  1124 | D:2      | Reached XP level 3. HP: 24/24 MP: 3/3
  1158 | D:2      | Noticed Terence
  1178 | D:2      | Killed Terence
  1794 | D:3      | Reached XP level 4. HP: 29/29 MP: 4/4
  2172 | D:3      | Identified a scroll of acquirement
  2172 | D:3      | Acquired the +11 demon blade "Judd" {freeze, rPois Dex+5}
  2337 | D:4      | Noticed sagitran's ghost (amateur DsCK)
  2401 | D:4      | Reached skill level 4 in Armour
  2405 | D:4      | Found a hide-covered altar of Uskayaw.
  2420 | D:4      | Found a runed translucent gate.
  2420 | D:4      | Found a runed translucent gate.
  2420 | D:4      | Found a runed translucent gate.
  2451 | D:4      | Found a glowing silver altar of Zin.
  2463 | D:4      | Reached XP level 5. HP: 33/33 MP: 5/5
  2639 | D:4      | Reached skill level 1 in Throwing
  2795 | D:4      | Reached skill level 1 in Long Blades
  2951 | D:4      | Noticed Robin
  2966 | D:4      | Killed Robin
  2967 | D:4      | Reached XP level 6. HP: 21/38 MP: 6/6
  3454 | D:4      | Found a sparkling altar of Nemelex Xobeh.
  3492 | D:4      | Killed sagitran's ghost
  3493 | D:4      | Reached skill level 5 in Armour
  3493 | D:4      | Reached XP level 7. HP: 35/43 MP: 7/7
  3682 | D:5      | Entered Level 5 of the Dungeon
  3757 | D:5      | Found a shimmering altar of Xom.
  3765 | D:5      | Reached skill level 1 in Dodging
  3775 | D:5      | Killed from afar by an orc priest

Illustrated notes

Levels and vault maps discovered:
D:1:      heliophobic_arrival_enchanted_forest, layout_basic, minmay_tall_x
D:2:      layout_basic, basic_altar, uniq_terence
D:3:      minmay_angry_zag, layout_basic
D:4:      layout_basic, mainiacjoe_overflow_large_starburst, lemuel_tele_altar,
          gammafunk_ghost_icy, uniq_robin
D:5:      layout_basic, mainiacjoe_overflow_tiny_flanked,
          minmay_temple_entry_mini_moons, serial_bayou_lagoon_a

Skill      XL: |  1  2  3  4  5  6  7 |
---------------+----------------------+-----
Shields        | 4 |  4.8
Maces & Flails | 3 |  3.1
Armour         | 4 5 |  5.4
Throwing       | 1 2 |  2.7
Long Blades    | 1 2 3 |  3.7
Fighting       | 4 |  4.3
Dodging        | 1 |  1.0

Action                   |  1- 3 |  4- 6 |  7- 9 || total
-------------------------+-------+-------+-------++-------
Melee: Flail             |   121 |    10 |       ||   131
       Demon blade       |       |    53 |    35 ||    88
Throw: Stone             |     6 |    18 |       ||    24
       Javelin           |     3 |       |       ||     3
       Dart              |       |     9 |       ||     9
       Boomerang         |       |    21 |     7 ||    28
  Use: Scroll            |     6 |     4 |     3 ||    13
       Potion            |       |     1 |       ||     1
Armor: Scale mail        |    72 |       |       ||    72
       Chain mail        |     7 |    32 |    36 ||    75
Dodge: Dodged            |    49 |     9 |     6 ||    64
Block: Kite shield       |    80 |    41 |    32 ||   153
       Rpst.: Demon blade |       |     5 |     3 ||     8

Table legend: (Time is in decaauts)
 A = Elapsed time spent in this place.
 B = Non-inter-level travel time spent in this place.
 C = Inter-level travel time spent in this place.
 D = Time resting spent in this place.
 E = Time spent auto-exploring this place.
 F = Levels seen in this place.
 G = Mean time per level.
                   A        B        C        D        E       F      G
               +--------+--------+--------+--------+--------+-----+--------+
         Total |   3904 |   3815 |     89 |      0 |   3065 |   5 |  780.8 |
       Dungeon |   3904 |   3815 |     89 |      0 |   3065 |   5 |  780.8 |
               +--------+--------+--------+--------+--------+-----+--------+

Top non-repeatable levels by time:
     D:4: 1533 daAuts
     D:2: 927 daAuts
     D:1: 724 daAuts
     D:3: 614 daAuts
     D:5: 104 daAuts
